 Dungeon Crawl Stone Soup version 0.31-a0-221-gbddc013574 (webtiles) character file.

Game seed: 17610753077616103184

107 qw the Shooter (level 4, 0/26 HPs)
             Began as a Gargoyle Hexslinger on July 3, 2023.
             Slain by a killer bee (1 damage)
             ... on level 4 of the Dungeon.
             The game lasted 00:00:52 (2547 turns).

qw the Shooter (Gargoyle Hexslinger)                Turns: 2547, Time: 00:00:53

Health: 0/26       AC:  8    Str: 12    XL:     4   Next: 86%
Magic:  5/5        EV: 10    Int: 13    God:
Gold:   108        SH:  0    Dex: 14    Spells: 4/5 levels left

rFire   . . .        c - +1 sling (heavy)
rCold   . . .        (no shield)
rNeg    + . .        e - +0 ring mail
rPois   inf          (no helmet)
rElec   +            (no cloak)
rCorr   .            (no gloves)
SInv    .            (no boots)
Will    .....        (no amulet)
Stlth   +            (no ring)
HPRegen 0.24/turn    (no ring)
MPRegen 0.09/turn

%: no passive effects
@: no status effects
A: sickness immunity, AC +3, negative energy resistance 1, electricity
resistance, torment resistance 1, petrification resistance
a: no special abilities


You were on level 4 of the Dungeon.
You visited 1 branch of the dungeon, and saw 4 of its levels.

You collected 108 gold pieces.


Innate Abilities, Weirdness & Mutations

You are immune to sickness and miasma.
Your stone body is resilient. (AC +3)
You are immune to poison.
You resist negative energy. (rN+)
You are resistant to electric shocks. (rElec)
You are resistant to unholy torment.
You are immune to petrification.


   Skills:
 - Level 2.0 Fighting
 + Level 4.4 Ranged Weapons
 - Level 1.0 Armour
 - Level 1.5 Dodging
 - Level 1.0 Spellcasting
 - Level 2.6 Hexes


You had 4 spell levels left.
You knew the following spells:

 Your Spells              Type           Power      Damage    Failure   Level
a - Slow                  Hex            28%        N/A       22%         1

Your spell library contained the following spells:

 Spells                   Type           Power      Damage    Failure   Level
 Inner Flame              Hex/Fire       4%         N/A       73%         3
 Portal Projectile        Hex/Tloc       8%         N/A       73%         3
 Cause Fear               Hex            3%         N/A       91%         4

Inventory:

Hand Weapons
 c - a +1 heavy sling (weapon)
Armour
 e - a +0 ring mail (worn)
Scrolls
 a - 2 scrolls of identify
Potions
 b - a potion of might
 d - a potion of enlightenment
 f - a potion of lignification {unknown}

Dungeon Overview and Level Annotations

Branches:
Dungeon (4/15)
 Temple: D:4-7

Altars:
Cheibriados

Shops:
D:3 =

Annotations:
D:2 1 runed translucent door, Crazy Yiuf


Message History

There is a stone staircase leading up here.
f - a glowing inky potion You now have 102 gold pieces (gained 17).
You now have 108 gold pieces (gained 6).
A killer bee comes into view.
Found a stone staircase leading up.
The killer bee buzzes angrily.
A killer bee comes into view. x2
Enter note:
Enter note: You shoot a sling bullet.
The killer bee buzzes angrily. x2
The sling bullet hits the killer bee.
The killer bee is lightly wounded.
You hear an angry buzzing noise.
A killer bee comes into view.
You shoot a sling bullet. The sling bullet hits the killer bee!
The killer bee is heavily wounded.
The killer bee closely misses you.
A killer bee comes into view. x2
The killer bee stings you but does no damage.
The killer bee barely misses you.
You shoot a sling bullet. The killer bee buzzes angrily.
The sling bullet hits the killer bee!
The killer bee is severely wounded.
The killer bee stings you.
The killer bee stings you but does no damage.
The killer bee closely misses you. The killer bee barely misses you. x3
You shoot a sling bullet.
The sling bullet misses the killer bee. x2
The killer bee barely misses you. The killer bee closely misses you.
The killer bee stings you but does no damage.
The killer bee stings you. The killer bee barely misses you.
The killer bee misses you.
You shoot a sling bullet. The sling bullet hits the killer bee.
The killer bee is almost dead.
The killer bee stings you. The killer bee closely misses you.
The killer bee stings you! x2; The killer bee barely misses you.
The killer bee closely misses you. The killer bee stings you.
You die...

. #.. . .. .#.. #
###+####..#.#
...........#.###. .###
........yy.......
#...###........#yyy<....
...............#@#
.#.............#.#
.#.%...........#.# .
.................###.#
...............##......
.#.................###.
..................##
.....####......#####
.....................


You could see 5 killer bees.

Vanquished Creatures
  5 adders
  A worm (D:2)
  2 orcs (D:3)
  7 bats
  4 endoplasms
  4 giant cockroaches
  3 hobgoblins
  5 jackals
  2 quokkas
  3 ball pythons
  9 frilled lizards
  3 goblins
  6 kobolds
  4 rats
58 creatures vanquished.

Notes
Turn   | Place    | Note
-------+----------+-------------------------------------------
     0 | D:1      | qw the Gargoyle Hexslinger began the quest for the Orb.
     0 | D:1      | Reached XP level 1. HP: 12/12 MP: 2/2
     0 | D:1      | 0 ||| qw: Version: 0.3-a-40-ge99b1a8
     0 | D:1      | 0 ||| qw: Game counter: 516
     0 | D:1      | 0 ||| qw: Melee chars always use a shield: true
     0 | D:1      | 0 ||| qw: God list: Okawaru
     0 | D:1      | 0 ||| qw: Allow faded altars: false
     0 | D:1      | 0 ||| qw: Do Orc after clearing Dungeon:15 true
     0 | D:1      | 0 ||| qw: Do second Lair branch before Depths: true
     0 | D:1      | 0 ||| qw: Lair rune preference: random
     0 | D:1      | 0 ||| qw: Goals: Normal
     0 | D:1      | 0 ||| PLANNING D:1-11
   285 | D:1      | Reached XP level 2. HP: 16/16 MP: 3/3
   678 | D:1      | 678 ||| UPGRADING to +0 ring mail.
   688 | D:1      | 688 ||| DROPPING +0 robe.
   689 | D:1      | 689 ||| READING 2 scrolls labelled NUEKHL DENLI.
   690 | D:1      | 690 ||| READING scroll labelled JYG FOUMEDIY.
   691 | D:1      | 691 ||| READING scroll labelled EDUSKOCEORPH.
   692 | D:1      | 692 ||| DROPPING scroll of poison.
   784 | D:2      | Reached skill level 3 in Ranged Weapons
   916 | D:2      | Reached XP level 3. HP: 21/21 MP: 4/4
   962 | D:2      | Found a runed translucent door.
   963 | D:2      | Noticed Crazy Yiuf
  1094 | D:2      | Reached XP level 4. HP: 26/26 MP: 5/5
  1167 | D:2      | Identified the +8 hand axe of a bailey {holy, *Rage rF+
                  | Int+6}
  1205 | D:2      | Reached skill level 4 in Ranged Weapons
  1532 | D:2      | 1532 ||| READING scroll labelled PIUFOU ULITID.
  1533 | D:2      | 1533 ||| READING scroll labelled QATEMI WUEPTIST.
  1574 | D:3      | 1574 ||| STAIRDANCE
  1577 | D:2      | Reached skill level 1 in Armour
  1765 | D:3      | Found a faded altar of an unknown god.
  1863 | D:3      | Found Yliguawe's Jewellery Boutique.
  1874 | D:3      | 1874 ||| SHOPLISTING +4 ring of protection (432 gold, have
                  | 51).
  1874 | D:3      | 1874 ||| SHOPLISTING amulet of reflection (360 gold, have
                  | 51).
  1874 | D:3      | 1874 ||| SHOPLISTING ring "Noimeil" {Fire Contam Fly rElec
                  | rPois} (476 gold, have 51).
  1874 | D:3      | 1874 ||| SHOPLISTING ring of protection from fire (300
                  | gold, have 51).
  1874 | D:3      | 1874 ||| SHOPLISTING ring of see invisible (180 gold, have
                  | 51).
  1874 | D:3      | 1874 ||| SHOPLISTING ring of willpower (300 gold, have 51).
  1978 | D:3      | Found a snail-covered altar of Cheibriados.
  2331 | D:3      | 2331 ||| READING scroll labelled HOVO TEOSEPSO.
  2332 | D:3      | 2332 ||| READING scroll labelled QUDORA TYANA.
  2333 | D:3      | 2333 ||| READING scroll labelled RIFIRCH GEQOHY.
  2434 | D:3      | 2434 ||| READING scroll labelled GIBBUJ UKLONU.
  2435 | D:3      | 2435 ||| DRINKING 2 grey potions.
  2436 | D:3      | 2436 ||| READING 3 scrolls of identify.
  2436 | D:3      | 2436 ||| IDENTIFYING fizzy purple potion
  2496 | D:4      | 2496 ||| STAIRDANCE
  2547 | D:4      | HP: 1/26 [killer bee (8)]
  2547 | D:4      | Slain by a killer bee

Levels and vault maps discovered:
D:1:      onia_arrival_mini_maze_b, layout_loops_ring
D:2:      layout_basic, chequers_serial_rivers_marsh, uniq_crazy_yiuf_cottage
D:3:      layout_rooms, mainiacjoe_overflow_cross_hatched,
          shapermc_ecumenical_altar_rom_forum, serial_co_window_serial,
          co_window_corner_a, co_window_corner_a, co_window_corner_a,
          co_window_cross_1, co_window_of_opportunity_a, co_window_2corner,
          co_window_broadway_b, co_window_paths_c, co_window_corner_b,
          serial_shops, shop, glass_columns_a
D:4:      layout_rooms, minmay_temple_entry_hall, minmay_misc_feat_chi,
          amcnicky_mini_rare_corridor_liquid, st_stairs_9, minivault_27,
          kennysheep_flooded_box

Skill      XL: |  1  2  3  4 |
---------------+-------------+-----
Ranged Weapons | 3 4 |  4.4
Fighting       | 2 |  2.0
Armour         | 1 |  1.0
Dodging        | |  1.5
Spellcasting   | |  1.0
Hexes          | |  2.6

Action                     |  1- 3 |  4- 6 || total
---------------------------+-------+-------++-------
   Fire: Sling             |   110 |    77 ||   187
    Use: Scroll            |     3 |     7 ||    10
         Potion            |       |     1 ||     1
 Armour: Robe              |     6 |       ||     6
         Ring mail         |    24 |    22 ||    46
  Dodge: Dodged            |    37 |    38 ||    75

Table legend:
 A = Non-vault XP
 B = Vault XP
 C = Vault XP percentage of total XP
 D = Non-vault monster count
 E = Vault monster count
 F = Vault count percentage of total count
                 A         B        C        D         E       F
            +---------+---------+-------+---------+---------+-------
      Total |     152 |       2 |   1.3 |      57 |       1 |   1.7
            +---------+---------+-------+---------+---------+-------
        D:1 |      15 |       2 |  11.8 |      12 |       1 |   7.7
        D:2 |      96 |       0 |   0.0 |      29 |       0 |   0.0
        D:3 |      39 |       0 |   0.0 |      15 |       0 |   0.0
        D:4 |       2 |       0 |   0.0 |       1 |       0 |   0.0
            +---------+---------+-------+---------+---------+-------
